 Dungeon Crawl Stone Soup version 0.26-a0-498-g0fdccc9 (webtiles) character file.

Game seed: 4027074172135972893

7324 Vyktor the Geomancer (level 10, -34/66 HPs)
             Began as a Yellow Draconian Earth Elementalist on Aug 6, 2020.
             Was a Believer of Hepliaklqana.
             Annihilated by a stone giant (43 damage)
             ... on level 1 of the Orcish Mines.
             The game lasted 00:57:35 (14273 turns).

Vyktor the Geomancer (DrEE)                        Turns: 14273, Time: 00:57:35

Health: -34/66     AC:  8    Str: 10    XL:     10   Next: 90%
Magic:  4/41       EV: 14    Int: 19    God:    Hepliaklqana [**....]
Gold:   548        SH:  8    Dex: 12    Spells: 16/27 levels left

rFire    + . .     SeeInvis .   j - +0 scimitar (freeze)
rCold    + . .     Faith    .   h - +3 buckler
rNeg     . . .     Spirit   .   (armour unavailable)
rPois    +         Reflect  .   (helmet restricted)
rElec    +         Harm     .   (no cloak)
rCorr    +                      q - +0 pair of gloves
MR       .....                  (no boots)
Stlth    ++........             (no amulet)
HPRegen  0.21/turn              k - ring of magical power
MPRegen  0.27/turn              n - ring of magical power

@: short of breath, resistant
A: spit acid, unfitting armour, reduced essence, cold-blooded, acid resistance,
AC +7
a: Breathe Acid, Recall Ancestor, Ancestor Identity, Renounce Religion


You were on level 1 of the Orcish Mines.
You worshipped Hepliaklqana.
Hepliaklqana was pleased with you.
You visited 3 branches of the dungeon, and saw 11 of its levels.

You collected 548 gold pieces.

Inventory:

Hand Weapons
 j - a +0 scimitar of freezing (weapon)
Missiles
 b - 33 stones (quivered)
Armour
 h - a +3 buckler (worn)
 q - a +0 pair of gloves (worn)
Jewellery
 k - a ring of magical power (left hand)
 n - a ring of magical power (right hand)
 o - an uncursed ring of fire
 p - an uncursed ring of stealth
 s - an uncursed ring of flight
 u - a +6 ring of dexterity
 x - an uncursed ring of wizardry
 y - an uncursed ring of protection from cold
Wands
 l - a wand of paralysis (7)
 v - a wand of flame (12)
Scrolls
 a - a scroll of fog
 c - 5 scrolls of teleportation
 e - 5 scrolls of remove curse
 g - 5 scrolls of identify
 i - a scroll of enchant weapon
 m - 3 scrolls of amnesia
Potions
 d - 2 potions of curing
 r - a potion of magic
 w - a potion of berserk rage


   Skills:
 + Level 2.4 Fighting
   Level 1.0(2.0) Short Blades
 + Level 2.6(2.8) Long Blades
   Level 1.0 Maces & Flails
 + Level 4.2 Dodging
 + Level 3.7 Stealth
 * Level 4.9 Shields
 + Level 9.1 Spellcasting
 + Level 5.1 Conjurations
 + Level 1.0 Transmutations
 + Level 9.7 Earth Magic
 + Level 1.0 Evocations


You had 16 spell levels left.
You knew the following spells:

 Your Spells              Type           Power        Failure   Level
a - Sandblast             Erth           #####.       1%          1
b - Stone Arrow           Conj/Erth      #####.       1%          3
c - Passwall              Tmut/Erth      ####....     1%          2
d - Lee's Rapid Deconstr  Erth           #####.....   4%          5

Your spell library contained the following spells:

 Spells                   Type           Power        Failure   Level
 Conjure Flame            Conj/Fire      ###.....     9%          3
 Petrify                  Tmut/Erth      ####....     9%          4
 Poisonous Vapours        Pois/Air       #.....       12%         2
 Mephitic Cloud           Conj/Pois/Air  ###.....     12%         3
 Freezing Cloud           Conj/Ice/Air   ###.......   99%         6


Dungeon Overview and Level Annotations

Branches:
Dungeon (9/15)             Temple (1/1) D:6            Lair (0/6) D:9
    Orc (1/2) D:9

Altars:
Ashenzari
Cheibriados
Dithmenos
Elyvilon
Fedhas
Gozag
Hepliaklqana
Kikubaaqudgha
Makhleb
Nemelex Xobeh
Okawaru
Qazlal
Ru
Sif Muna
Trog
Uskayaw
Vehumet
Wu Jian
Xom
Yredelemnul
Zin
The Shining One
Lugonu

Shops:
D:8 (   Orc:1 [

Annotations:
D:3 3 runed translucent doors, dracfodder's ghost, amateur DECj
D:8 2 transporters


Innate Abilities, Weirdness & Mutations

You can spit globs of acid.
Your golden yellow scales are hard. (AC +7)
You cannot fit into any form of body armour.
You are cold-blooded and may be slowed by cold attacks.
You are resistant to acid. (rCorr)
Your life essence is reduced to manifest your ancestor. (-10% HP)


Message History

You feel protected.
The stone giant hits you but does no damage.
The orc warrior hits you but does no damage.
The orc barely misses you.
The orc hits you from afar with a +0 trident.
* * * LOW HITPOINT WARNING * * *
Unknown command.
What are your orders? t - Shout!
Orders for allies: a - Attack new target. p - Attack previous target. r - Retreat! s - Stop attacking. g - Guard the area. f - Follow me.
Anything else - Cancel.
Okay, then.
Unknown command.
Unknown command.
As you read the scroll of fog, it crumbles to dust.
The scroll dissolves into smoke.
The stone giant hits you!!!
Ouch! That really hurt!
You die...

...#. ..#.#.
##...$ #......
..$.. ...$...
#...###≈.≈..##
##...#≈≈.≈≈..#
#.....≈≈∩≈≈.#
#..§§C≈≈≈≈#
#..§@{§≈≈#
##.§oo..##
##)o)o..#
#..#..##
.$##.... ..$
$.... ....
...$$. ....#
.....#


You could see a stone giant (corroded), an orc warrior and 3 orcs.

Vanquished Creatures
  Erica (D:8)
  Pikel (D:8)
  A cyclops (D:9)
  A troll (D:9)
  A hornet (D:7)
  The ghost of PezBoy the Sneak, an amateur KoBr (D:4)
  Sigmund (D:5)
  2 yaks
  Edmund (D:4)
  4 orc warriors
  2 porcupines (D:9)
  An ice beast (D:7)
  A sky beast (D:9)
  6 ogres
  2 black bears
  A necrophage (D:7)
  A phantom (D:5)
  4 lemures (D:8)
  A centaur (D:8)
  5 bullfrogs
  2 wyvern zombies
  4 scorpions
  5 killer bees (D:8)
  2 wights (D:7)
  4 hounds
  7 orc priests
  A jelly (D:5)
  7 orc wizards
  A bullfrog skeleton (D:5)
  Jessica (D:3)
  Ijyb (D:4)
  Natasha (thrice) (D:2)
  An iguana (D:8)
  2 worker ants
  6 gnolls
  14 adders
  3 shadow imps
  4 white imps
  An ufetubus (D:4)
  2 oozes (D:3)
  6 adder skeletons
  A worm (D:3)
  4 dart slugs
  6 leopard geckos
  33 orcs
  A ball python (D:3)
  4 bats
  A bat skeleton (D:2)
  A bat zombie (D:2)
  3 giant cockroaches
  5 goblins
  8 hobgoblins
  11 jackals
  4 kobolds
  6 quokkas
  A ball python skeleton (D:4)
  2 giant cockroach zombies (D:2)
  A jackal zombie (D:2)
  A leopard gecko skeleton (D:4)
  8 rats
216 creatures vanquished.

Vanquished Creatures (collateral kills)
  Psyche (D:8)
  2 porcupines (D:9)
  A black bear (D:9)
  2 ice beasts (D:8)
  2 killer bees (D:8)
  A wight (D:7)
  A hound (D:9)
  An orc wizard (D:8)
  A killer bee zombie (D:9)
  An orc (D:8)
  4 fungi (D:9)
  A plant (D:9)
18 creatures vanquished.

Vanquished Creatures (others)
  2 knights
  2 ancestors
  4 fungi (D:9)
  3 plants (D:4)
11 creatures vanquished.

Grand Total: 245 creatures vanquished

Notes
Turn   | Place    | Note
-------+----------+-------------------------------------------
     0 | D:1      | Vyktor the Draconian Earth Elementalist began the quest for
                  | the Orb.
     0 | D:1      | Reached XP level 1. HP: 14/14 MP: 3/3
   335 | D:1      | Reached XP level 2. HP: 20/20 MP: 3/5
   858 | D:2      | Noticed Natasha
   865 | D:2      | Killed Natasha
   865 | D:2      | Reached XP level 3. HP: 14/26 MP: 0/6
  1017 | D:2      | Learned a level 3 spell: Stone Arrow
  1039 | D:2      | Noticed Natasha
  1043 | D:2      | Killed Natasha
  1071 | D:2      | Reached XP level 4. HP: 33/33 MP: 0/7
  1190 | D:2      | Noticed Natasha
  1195 | D:2      | Killed Natasha
  1807 | D:3      | Reached XP level 5. HP: 38/38 MP: 7/9
  1918 | D:3      | Found a runed translucent gate.
  1918 | D:3      | Found a runed translucent gate.
  1918 | D:3      | Found a runed translucent gate.
  2421 | D:3      | Found a shadowy altar of Dithmenos.
  2637 | D:3      | Noticed Jessica
  2661 | D:3      | Killed Jessica
  2661 | D:3      | Reached skill level 5 in Earth Magic
  2732 | D:3      | Reached skill level 1 in Short Blades
  3321 | D:3      | Reached XP level 6. HP: 28/46 MP: 11/11
  3701 | D:3      | Noticed dracfodder's ghost (amateur DECj)
  3779 | D:3      | Learned a level 2 spell: Passwall
  4072 | D:4      | Found a shadowy altar of Dithmenos.
  4087 | D:4      | Reached skill level 1 in Conjurations
  4087 | D:4      | Your scales start taking on a golden yellow colour.
  4087 | D:4      | Reached XP level 7. HP: 15/51 MP: 2/13
  4087 | D:4      | Gained mutation: You are resistant to acid. (rCorr) [Yellow
                  | Draconian growth]
  4340 | D:4      | Noticed Edmund
  4350 | D:4      | Killed Edmund
  4350 | D:4      | Reached skill level 1 in Long Blades
  4723 | D:4      | Learned a level 1 spell: Sandblast
  5510 | D:4      | Found a runed translucent gate.
  5511 | D:4      | Found a runed translucent gate.
  5511 | D:4      | Found a runed translucent gate.
  5511 | D:4      | Found an opulent altar of Gozag.
  5512 | D:4      | Noticed a yak
  5512 | D:4      | Noticed PezBoy's ghost (amateur KoBr)
  5616 | D:4      | Killed PezBoy's ghost
  5616 | D:4      | Reached skill level 1 in Fighting
  5616 | D:4      | Reached skill level 5 in Spellcasting
  5620 | D:4      | Killed a yak
  5620 | D:4      | Reached skill level 1 in Maces & Flails
  5620 | D:4      | Reached XP level 8. HP: 47/59 MP: 1/16
  5782 | D:5      | Entered Level 5 of the Dungeon
  5782 | D:5      | Noticed Ijyb
  5790 | D:4      | Killed Ijyb
  6071 | D:5      | Learned a level 5 spell: Lee's Rapid Deconstruction
  6450 | D:5      | Noticed Sigmund
  6487 | D:5      | Killed Sigmund
  7282 | D:5      | Found an iron altar of Okawaru.
  7282 | D:5      | Found a shattered altar of Ashenzari.
  7632 | D:6      | Reached XP level 9. HP: 64/64 MP: 19/19
  7762 | D:6      | Found a staircase to the Ecumenical Temple.
  7782 | Temple   | Entered the Ecumenical Temple
  7789 | Temple   | Became a worshipper of Hepliaklqana the Forgotten
  8373 | D:7      | Reached * piety under Hepliaklqana
  8802 | D:7      | Reached skill level 1 in Shields
  9003 | D:7      | Found a shimmering blue altar of Sif Muna.
  9432 | D:7      | Paralysed by a hornet for 1 turns
  9439 | D:7      | Paralysed by a hornet for 2 turns
 11986 | D:8      | Noticed Psyche
 11990 | D:8      | Killed Psyche
 12045 | D:8      | Found Ryurgh Gugadi's Antique Weapon Shop.
 12274 | D:8      | Noticed Pikel
 12290 | D:8      | Killed Pikel
 12290 | D:8      | Reached XP level 10. HP: 40/65 MP: 4/22
 12690 | D:8      | Noticed a purple ugly thing
 12690 | D:8      | Noticed a brown ugly thing
 12690 | D:8      | Noticed a green ugly thing
 12691 | D:8      | Found a corrupted altar of Lugonu.
 12837 | D:8      | Reached ** piety under Hepliaklqana
 12838 | D:8      | Remembered your ancestor Nathaniel as a knight
 12856 | D:8      | Found a transporter.
 12857 | D:8      | Found a transporter.
 13032 | D:8      | Noticed Erica
 13040 | D:8      | Killed Erica
 13536 | D:9      | Noticed a cyclops
 13552 | D:9      | Killed a cyclops
 13552 | D:9      | Reached skill level 1 in Evocations
 13553 | D:9      | Found a staircase to the Lair.
 13773 | D:9      | Reached skill level 5 in Conjurations
 14240 | D:9      | Found a staircase to the Orcish Mines.
 14251 | Orc:1    | Entered Level 1 of the Orcish Mines
 14251 | Orc:1    | Found Akyfiu's Antique Armour Boutique.
 14251 | Orc:1    | Noticed a stone giant
 14269 | Orc:1    | HP: 3/66 [stone giant (33)]
 14273 | Orc:1    | Annihilated by a stone giant

Illustrated notes

Levels and vault maps discovered:
D:1:      psy_arrival_dodecagon, layout_loops_ring
D:2:      layout_rooms, serial_undead, serial_undead_c, serial_undead_c,
          serial_undead_f, serial_undead_e, serial_undead_a, serial_undead_b,
          serial_undead_d, serial_undead_c, serial_undead_d, serial_undead_c,
          serial_park_tiny_2, uniq_natasha
D:3:      layout_loops_corners, nicolae_overflow_crystal_walls,
          gammafunk_ghost_icy, uniq_jessica
D:4:      wad_woods_settlement, layout_basic, ebering_ghost_gozag,
          nicolae_dithmenos_shadow_blocks, uniq_edmund
D:5:      layout_loops_ring, gammafunk_temple_overflow_pools,
          grunt_ministairs_8, kennysheep_diamond, uniq_sigmund, uniq_ijyb
D:6:      black_bear_nest_1, layout_loops_ring, temple_pool_b
D:7:      layout_loops_ring, led_sif_pool
D:8:      gammafunk_corrupted_shrine, layout_gridville, serial_shops, shop,
          uniq_erica, uniq_psyche, uniq_pikel
D:9:      hangedman_cross_veins, layout_rooms, due_lair_maze_entry_diamond,
          david_orc_2, uniq_grum
Temple:   nicolae_temple_no_exploring_needed
Orc:1:    layout_diamond_mine, serial_shops, nicolae_shop_waterfront,
          basic_altar

Skill      XL: |  1  2  3  4  5  6  7  8  9 10 |
---------------+-------------------------------+-----
Earth Magic    | 4 5 6 7 8 9 |  9.7
Spellcasting   | 3 4 5 6 8 9 |  9.1
Stealth        | 2 3 |  3.7
Dodging        | 2 3 4 |  4.2
Short Blades   | 1 |  1.0
Conjurations   | 1 2 3 4 5 |  5.1
Long Blades    | 1 2 |  2.6
Fighting       | 1 2 |  2.4
Maces & Flails | 1 |  1.0
Shields        | 3 4 |  4.9
Evocations     | 1 |  1.0
Transmutations | |  1.0

Action                   |  1- 3 |  4- 6 |  7- 9 | 10-12 || total
-------------------------+-------+-------+-------+-------++-------
Melee: Short sword       |     2 |    12 |       |       ||    14
       Tailslap          |     1 |     1 |    11 |     2 ||    15
       Falchion          |       |    14 |    19 |       ||    33
       Dire flail        |       |       |     6 |       ||     6
       Rapier            |       |       |    19 |       ||    19
       Scimitar          |       |       |     6 |    22 ||    28
 Cast: Sandblast         |    30 |    67 |    74 |     8 ||   179
       Stone Arrow       |       |    25 |   147 |    46 ||   218
       Lee's Rapid Decon |       |       |     6 |    14 ||    20
Invok: Ancestor Identity |       |       |     1 |       ||     1
       Ancestor Life: Kn |       |       |       |     1 ||     1
 Abil: Breathe Acid      |       |       |     4 |     2 ||     6
Evoke: Wand              |       |       |     3 |     1 ||     4
  Use: Scroll            |     3 |     4 |     7 |     2 ||    16
       Potion            |     1 |     3 |     7 |     2 ||    13
 Stab: Distracted        |       |       |     1 |       ||     1
Armor: Skin              |     5 |    12 |    35 |    14 ||    66
Dodge: Dodged            |     9 |    33 |    80 |    63 ||   185
Block: Tower shield      |       |     5 |       |       ||     5
       Buckler           |       |       |    39 |    33 ||    72
       Rpst.: Falchion   |       |     3 |     8 |       ||    11
       Scimitar          |       |       |    11 |     9 ||    20

Table legend: (Time is in decaauts)
 A = Elapsed time spent in this place.
 B = Non-inter-level travel time spent in this place.
 C = Inter-level travel time spent in this place.
 D = Time resting spent in this place.
 E = Time spent auto-exploring this place.
 F = Levels seen in this place.
 G = Mean time per level.
                   A        B        C        D        E       F      G
               +--------+--------+--------+--------+--------+-----+--------+
         Total |  14323 |  14106 |    217 |   5818 |   6763 |  11 | 1302.1 |
       Dungeon |  14284 |  14074 |    210 |   5818 |   6760 |   9 | 1587.1 |
        Temple |     17 |     10 |      7 |      0 |      3 |   1 |   17.0 |
  Orcish Mines |     21 |     21 |      0 |      0 |      0 |   1 |   21.0 |
               +--------+--------+--------+--------+--------+-----+--------+

Top non-repeatable levels by time:
     D:7: 3187 daAuts
     D:8: 2294 daAuts
     D:4: 2064 daAuts
     D:3: 2030 daAuts
     D:5: 1503 daAuts
     D:1: 1036 daAuts
     D:6: 889 daAuts
     D:2: 756 daAuts
     D:9: 521 daAuts
   Orc:1: 21 daAuts
  Temple: 17 daAuts
